 Dungeon Crawl Stone Soup version 0.25-a0-353-ged6d54792d (webtiles) character file.

Game seed: 12669542627740022128, levelgen mode: deterministic

489 Dustman the Insei (level 7, 0/49 HPs)
             Began as an Octopode Monk on Jan 2, 2020.
             Slain by a sky beast (3 damage)
             ... on level 6 of the Dungeon.
             The game lasted 00:25:06 (3302 turns).

Dustman the Insei (Octopode Monk)                   Turns: 3302, Time: 00:25:07

Health: 0/49       AC:  1    Str: 10    XL:     7   Next: 14%
Magic:  0/10       EV: 17    Int: 14    God:
Gold:   203        SH:  0    Dex: 15    Spells: 10/11 levels left

rFire    . . .     SeeInvis .     - Unarmed
rCold    + . .     Gourm    .   (no shield)
rNeg     . . .     Faith    .   (helmet restricted)
rPois    .         Spirit   +   u - amulet of guardian spirit
rElec    .         Reflect  .   i - ring of protection from cold
rCorr    .         Harm     .   t - +2 ring of evasion
MR       .....                  (no ring)
Stlth    ++++......             (no ring)
HPRegen  0.16/turn              (no ring)
MPRegen  0.12/turn              (no ring)
                                (no ring)
                                (no ring)

@: no status effects
A: almost no armour, stealthy swim, amphibious, 8 rings, constrict 8, camouflage
1, gelatinous body 1
a: no special abilities


You were on level 6 of the Dungeon.
You were not hungry.

You visited 1 branch of the dungeon, and saw 6 of its levels.

You collected 203 gold pieces.

Inventory:

Missiles
 j - 4 datura-tipped darts
 l - an atropa-tipped dart (quivered)
 w - 23 poisoned darts
 x - a throwing net
Jewellery
 i - a ring of protection from cold (left tentacle)
 t - a +2 ring of evasion (right tentacle)
 u - an amulet of guardian spirit (around mantle)
 y - an uncursed ring of protection from magic {unknown}
Scrolls
 d - 2 scrolls of blinking {unknown}
 e - 5 scrolls of identify {unknown}
 g - 2 scrolls of immolation {unknown}
 k - 2 scrolls of magic mapping {unknown}
 m - 2 scrolls of amnesia {unknown}
 o - 3 scrolls of teleportation {unknown}
 q - a scroll of enchant armour {unknown}
Potions
 b - a potion of curing
 c - a potion of magic {unknown}
 f - 2 potions of heal wounds {unknown}
 h - a potion of mutation {unknown}
 n - 2 potions of resistance {unknown}
 p - a potion of degeneration {unknown}
 r - a potion of brilliance {unknown}
 s - a potion of haste {unknown}
 v - a potion of might {unknown}
Comestibles
 a - 6 rations


   Skills:
 + Level 4.6 Fighting
 - Level 3.5 Dodging
 - Level 3.8 Stealth
 + Level 4.6 Unarmed Combat
 + Level 2.5 Spellcasting
 + Level 2.7 Transmutations


You had 10 spell levels left.
You knew the following spells:

 Your Spells              Type           Power        Failure   Level  Hunger
a - Beastly Appendage     Tmut           #.....       8%          1    #......

Your spell library contained the following spells:

 Spells                   Type           Power        Failure   Level  Hunger
 Sticks to Snakes         Tmut           #.......     12%         2    ###....
 Summon Small Mammal      Summ           #...         22%         1    #......
 Call Imp                 Summ           #.......     34%         2    ###....
 Spider Form              Tmut/Pois      #.........   36%         3    ###....
 Call Canine Familiar     Summ           #.......     56%         3    ###....
 Summon Guardian Golem    Hex/Summ       #.......     56%         3    ###....
 Ice Form                 Ice/Tmut       #.......     78%         4    #####..
 Blade Hands              Tmut           #.........   91%         5    ######.
 Summon Ice Beast         Ice/Summ       #.......     92%         4    #####..
 Summon Lightning Spire   Summ/Air       #.......     92%         4    #####..


Dungeon Overview and Level Annotations

Branches:
Dungeon (6/15)
 Temple: D:4-7

Altars:
Dithmenos

Shops:
D:4 =


Innate Abilities, Weirdness & Mutations

You cannot wear most types of armour.
You are very stealthy in the water. (Stealth+)
You are amphibious.
You can wear up to eight rings at the same time.
You can use your tentacles to constrict eight enemies at once.
Your skin changes colour to match your surroundings (Stealth+).
Your rubbery body absorbs attacks. (AC +1, EV +1)


Message History

The atropa-tipped dart barely misses the sky beast.
The sky beast misses you.
Throwing (i - inventory. (/) - cycle)
l - 3 atropa-tipped darts (quivered)
Press: ? - help, Shift-Dir - straight line, f/p - sky beast
Aim: a sky beast (moderately wounded, chance to blind on hit: 51%)
You throw an atropa-tipped dart.
The atropa-tipped dart barely misses the sky beast.
The sky beast hits you.
* * * LOW HITPOINT WARNING * * *
The sky beast shocks you.
* * * LOW HITPOINT WARNING * * *
Throwing (i - inventory. (/) - cycle)
l - 2 atropa-tipped darts (quivered)
Press: ? - help, Shift-Dir - straight line, f/p - sky beast
Aim: a sky beast (moderately wounded, chance to blind on hit: 51%)
You throw an atropa-tipped dart.
The atropa-tipped dart barely misses the sky beast.
The sky beast flickers out of sight!
Deactivating autopickup; reactivate with Ctrl-A.
Something hits you.
You die...

#...#.#
####...#.##
#.........#
......... ........
#.#$..# #.#...#
##.#@..#
#######..{####
O......<#..#
#######....#####.)
##.#.......#
#..........
###########


There were no monsters in sight!

Vanquished Creatures
  A phantom (D:5)
  4 hounds
  A quasit (D:5)
  2 iguanas (D:5)
  3 worker ants (D:4)
  4 adders
  2 oozes
  An adder zombie (D:5)
  An adder skeleton (D:4)
  5 worms
  A dart slug (D:1)
  6 leopard geckos
  An orc (D:4)
  2 ball pythons
  A giant cockroach (D:5)
  7 goblins
  3 hobgoblins
  2 jackals (D:4)
  2 quokkas
  5 bats
  8 frilled lizards
  6 kobolds
  A leopard gecko skeleton (D:5)
  2 rats
71 creatures vanquished.

Notes
Turn   | Place    | Note
-------+----------+-------------------------------------------
     0 | D:1      | Dustman the Octopode Monk began the quest for the Orb.
     0 | D:1      | Reached XP level 1. HP: 16/16 MP: 1/1
   281 | D:1      | Reached XP level 2. HP: 13/21 MP: 2/2
   540 | D:2      | Reached XP level 3. HP: 26/26 MP: 3/3
  1186 | D:3      | Reached XP level 4. HP: 13/31 MP: 4/4
  1277 | D:3      | Learned a level 1 spell: Beastly Appendage
  1893 | D:4      | Reached skill level 1 in Spellcasting
  1893 | D:4      | Reached skill level 1 in Transmutations
  1893 | D:4      | Reached XP level 5. HP: 30/37 MP: 4/6
  1984 | D:4      | Found Inoi's Jewellery Shoppe.
  2199 | D:4      | Reached XP level 6. HP: 13/43 MP: 8/8
  2547 | D:4      | Noticed an orc warrior
  2583 | D:5      | Entered Level 5 of the Dungeon
  2710 | D:5      | Noticed a phantom
  2743 | D:5      | Killed a phantom
  2915 | D:5      | Reached XP level 7. HP: 34/49 MP: 8/10
  2964 | D:5      | Found a shadowy altar of Dithmenos.
  3302 | D:6      | Slain by a sky beast

Levels and vault maps discovered:
D:1:      dpeg_arrival_rhombus, layout_rooms
D:2:      layout_basic, minmay_tetromino_i2
D:3:      layout_loops_ring, kennysheep_generic_room_11
D:4:      layout_basic, first_ration, serial_shops, shop, serial_bayou_pond_d
D:5:      layout_basic, lemuel_doored_altar
D:6:      gammafunk_cloud_chamber, layout_loops_ring,
          nicolae_overflow_crystal_walls, gup_ossuary_entry_pyramid,
          uniq_crazy_yiuf_cottage

Skill      XL: |  1  2  3  4  5  6 |
---------------+-------------------+-----
Stealth        | 3 |  3.8
Spellcasting   | 1 2 |  2.5
Transmutations | 1 2 |  2.7
Fighting       | 4 |  4.6
Unarmed Combat | 4 |  4.6
Dodging        | |  3.5

Action                   |  1- 3 |  4- 6 |  7- 9 || total
-------------------------+-------+-------+-------++-------
Melee: Unarmed           |    78 |    92 |    28 ||   198
       Constrict         |    20 |    18 |     5 ||    43
       Tentacles         |    14 |    23 |     6 ||    43
       Punch             |     5 |     2 |     2 ||     9
       Kick              |       |     4 |     2 ||     6
Throw: Dart              |       |       |     3 ||     3
 Cast: Beastly Appendage |       |     2 |     3 ||     5
  Use: Potion            |       |       |     1 ||     1
 Stab: Sleeping          |    15 |    13 |     4 ||    32
  Eat: Chunk             |     1 |     2 |     1 ||     4
       Ration            |       |     1 |       ||     1
Armor: Skin              |     3 |     3 |     1 ||     7
Dodge: Dodged            |    29 |    55 |    12 ||    96

Table legend:
 A = Non-vault XP
 B = Vault XP
 C = Vault XP percentage of total XP
 D = Non-vault monster count
 E = Vault monster count
 F = Vault count percentage of total count
                 A         B        C        D         E       F
            +---------+---------+-------+---------+---------+-------
      Total |     693 |       6 |   0.9 |      69 |       2 |   2.8
            +---------+---------+-------+---------+---------+-------
        D:1 |      27 |       0 |   0.0 |      13 |       0 |   0.0
        D:2 |      27 |       3 |  10.0 |      13 |       1 |   7.1
        D:3 |      56 |       3 |   5.1 |      13 |       1 |   7.1
        D:4 |     218 |       0 |   0.0 |      14 |       0 |   0.0
        D:5 |     365 |       0 |   0.0 |      16 |       0 |   0.0
            +---------+---------+-------+---------+---------+-------
